[Event "American Cup Open Elimination 2024"]
[Site "Saint Louis"]
[Date "2024.03.16"]
[Round "2.1"]
[White "So, Wesley"]
[Black "Sevian, Samuel"]
[Result "0-1"]
[ECO "C02"]
[WhiteElo "2789"]
[BlackElo "2697"]
[Annotator "TA"]
[PlyCount "80"]
[EventDate "2024.03.11"]
[EventType "k.o."]
[EventCountry "USA"]
[SourceTitle "playchess.com"]
[Source "ChessBase"]
[SourceQuality "1"]
[TimeControl "1500+10"]

1. e4 e6 2. d4 d5 3. e5 c5 4. c3 Nc6 5. Nf3 Bd7 6. Be2 Nge7 7. O-O Ng6 8. Be3 Be7 {[%emt 0:00:01] C02: French: Advance Variation.} 9. Nbd2 O-O 10. g3 h6 11. Re1 $146 ({Predecessor:} 11. h4 cxd4 12. cxd4 f6 13. h5 Nh8 14. Nb3 Be8 15. exf6 Bxf6 16. Nh2 b6 17. Rc1 {½-½ Gaposhkin,N (2241)-Rotaru,I (2294) VW-Cup9 Gr16 email 2016}) 11... a5 12. a4 (12. a3 $14) 12... cxd4 $11 13. cxd4 Bb4 14. Bd3 f5 15. h4 (15. Kh1 $11 {keeps the balance.}) 15... Be8 $17 16. h5 Nh8 17. Nh2 {[%emt 0:00:25] [#]} f4 $1 18. Bxf4 Rxf4 19. gxf4 Qh4 $1 20. Ndf3 Qxf4 21. Qc1 Qf8 22. Re3 Bxh5 23. Qf1 (23. Kh1 $142) 23... Ng6 $17 24. Bxg6 Bxg6 25. Qg2 Be4 26. Qg4 Bf5 27. Qg3 (27. Qh5 $17) 27... Qf7 $19 28. Rd1 Kh7 29. Ne1 Rf8 30. Nhf3 (30. Qf3 $17 {might work better.}) 30... Be4 $19 31. Nh4 (31. Nh2 $142) 31... Qh5 $19 32. f3 Nxd4 33. Rxd4 Bc5 34. fxe4 Bxd4 35. Neg2 g5 36. Nf5 exf5 37. exf5 Rxf5 (37... Rc8 $142 38. Qf2 Rc1+ 39. Ne1 Qh4 40. Qxh4 Bxe3+ (40... gxh4 $2 41. Kg2 $19) 41. Kg2 gxh4 42. Nf3 Rc4 43. e6 Re4 (43... Rxa4 $2 44. Ne5 $19) 44. e7 Rxe7 (44... Rxa4 $2 {is the wrong capture.} 45. e8=Q $18) 45. Nxh4 d4 (45... Rg7+ $2 46. Kf3 $19) 46. Kf3 d3 47. Ng2 Bc5 48. f6 Re6 (48... d2 49. fxe7 d1=Q+ 50. Kf4 Qd4+ 51. Kf5 Qd5+ 52. Kf4 Bxe7 53. Kg3 Qd3+ 54. Kf2 Bd6 55. Ne3 Bc5 56. Kg3 Qxe3+ 57. Kg2 Qe2+ 58. Kh3 Bd6 59. Kh4 Qf3 60. b4 Be7#) 49. f7 d2 50. f8=N+ Bxf8 51. Ne3 Rxe3+ 52. Kxe3 d1=Q (52... d1=R 53. Kf4 Rg1 54. Kf3 h5 55. Kf2 Rg7 56. Kf3 h4 57. Kf4 h3 58. Kf5 h2 59. Kf4 h1=Q 60. Ke3 Rg3+ 61. Kf4 Bd6+ 62. Kf5 Qd5+ 63. Kf6 Rg6#) 53. b4 Bxb4 54. Ke4 Qe2+ (54... Qxa4 55. Kf3 Bc5 56. Ke2 Qb3 57. Kd2 Qc4 58. Kd1 Qd3+ 59. Ke1 Qc2 60. Kf1 Qf2#) 55. Kf4 Bd6+ 56. Kf5 Qe5+ 57. Kg4 Qg3+ 58. Kh5 Qh3#) 38. e6 $19 Qe8 39. Kh2 Bxe3 40. Qxe3 Qe7 ({Stronger than} 40... Qxa4 41. e7 Qe8 42. Qd3 Qxe7 (42... Qh5+ 43. Kg3 $11) 43. Qxf5+ Kg7 44. Kh3 $11) 0-1

[Event "American Cup Open Elimination 2024"]
[Site "Saint Louis"]
[Date "2024.03.16"]
[Round "2.2"]
[White "Dominguez Perez, Leinier"]
[Black "Caruana, Fabiano"]
[Result "1/2-1/2"]
[ECO "B90"]
[WhiteElo "2749"]
[BlackElo "2804"]
[Annotator "TA"]
[PlyCount "52"]
[EventDate "2024.03.11"]
[EventType "k.o."]
[EventCountry "USA"]
[SourceTitle "playchess.com"]
[Source "ChessBase"]
[SourceQuality "1"]
[TimeControl "1500+10"]

1. e4 c5 2. Nf3 d6 3. d4 cxd4 4. Nxd4 Nf6 5. Nc3 a6 6. Be3 Ng4 7. Bg5 h6 8. Bh4 g5 9. Bg3 Bg7 10. h3 Nf6 11. Qf3 O-O 12. O-O-O Nc6 {[%emt 0:00:03] White is slightly better.} 13. Nxc6 bxc6 14. e5 Nd5 15. Nxd5 cxd5 16. h4 $1 {[%emt 0:00:11] [#] hxg5 would now be deadly.} (16. Rxd5 Bb7 17. Bd3 Bxd5 18. Qxd5 dxe5 19. Qxd8 (19. Qe4 $2 f5 $19) 19... Rfxd8 $17 (19... Raxd8 20. Bxa6 h5 21. Re1 $11)) 16... g4 17. Qxd5 Rb8 18. Qe4 (18. exd6 $2 Bxb2+ 19. Kd2 exd6 $19 (19... Be6 20. Qh5 $17)) 18... Qb6 19. b3 {[%emt 0:00:35][%cal Re5d6] Active counter play!} (19. exd6 $2 Qxb2+ (19... Bxb2+ $2 20. Kd2 $19) 20. Kd2 Qc3+ (20... Qxa2 21. Bd3 $16) 21. Ke2 exd6 $19) 19... Qa5 $1 20. Bd3 (20. exd6 $2 Bf5 $19) 20... f5 $1 21. exf6 Rxf6 22. Rhe1 ({Reject} 22. Qxe7 Re6 23. Bc4 Qa3+ 24. Kd2 Qa5+ 25. Kc1 Qa3+ 26. Kd2 Qa5+ 27. Kc1 $11) (22. a4 $1 $14 Bf5 23. Bc4+ (23. Qxe7 Rc8 $11) 23... Kh8 24. Qe1 (24. Qxe7 $2 {is the wrong capture.} Qc3 $19)) 22... Qa3+ $1 $11 {[%emt 0:05:24] The position is equal.} 23. Kd2 $1 Qa5+ 24. Kc1 {[%emt 0:03:11] [#] Qh7+ is the strong threat.} Qa3+ $1 25. Kd2 $1 {[%emt 0:00:11] aiming for Qh7+.} Qa5+ 26. Kc1 {[%emt 0:00:39] Black must now prevent Qh7+.} Qa3+ $1 {[%emt 0:00:12] Weighted Error Value: White=0.06 (flawless) /Black=0.02 (flawless) .  Mistake:       	White=1     	---        Inaccurate:     	White=1     	Black=1      OK:         	White=6     	Black=3      Best:        	White=5     	Black=3      Strong:       	White=3     	Black=5} 1/2-1/2

[Event "American Cup Open Elimination 2024"]
[Site "Saint Louis"]
[Date "2024.03.16"]
[Round "2.2"]
[White "Sevian, Samuel"]
[Black "So, Wesley"]
[Result "0-1"]
[ECO "C54"]
[WhiteElo "2697"]
[BlackElo "2789"]
[Annotator "TA"]
[PlyCount "76"]
[EventDate "2024.03.11"]
[EventType "k.o."]
[EventCountry "USA"]
[SourceTitle "playchess.com"]
[Source "ChessBase"]
[SourceQuality "1"]
[TimeControl "1500+10"]

1. e4 e5 2. Nf3 Nc6 3. Bc4 Nf6 4. d3 Bc5 5. c3 O-O 6. O-O d6 7. Re1 a5 8. h3 Be6 9. Bb5 Ba7 {[%emt 0:00:09] The position is equal.} 10. Nbd2 Ne7 11. Nf1 Ng6 12. Ng3 c6 13. Ba4 d5 14. exd5 Nxd5 15. d4 exd4 16. Nxd4 Qc7 17. Ngf5 Rae8 18. Bb3 Bd7 19. Bxd5 cxd5 20. Ng3 Rxe1+ 21. Qxe1 f5 22. Nge2 f4 23. Nf3 {[%emt 0:00:11] Inhibits Qe5.} Ne5 {[%emt 0:03:42] aiming for ...Nxf3+.} 24. Ned4 Bxd4 25. Nxd4 {[%emt 0:00:01] White is weak on the light squares} f3 {[%emt 0:00:01] Hoping for ...fxg2.} 26. g3 Qd6 27. b3 (27. Bf4 $2 Rxf4 (27... Re8 28. Qd2 $16) 28. Qf1 (28. gxf4 $2 Qg6+ 29. Kh2 Qg2#) 28... Re4 $19) 27... Nc6 (27... Bxh3 28. Ba3 Qxa3 29. Qxe5) 28. Nxc6 (28. Kh2 $11 {is more appropriate.}) 28... bxc6 $17 29. Qf1 Qe5 {[%emt 0:01:06] Black has more active pieces.} 30. Bd2 Qh5 31. h4 (31. Kh2 $15) 31... Re8 $1 $36 {[%emt 0:00:03][%mdl 2048] Strongly threatening ...Re4. Black is really pushing.} 32. Be3 $2 {[%emt 0:00:09][%mdl 8192] White does not recover from this.} (32. Re1 $17 {is a better chance.} Re2 33. Be3) 32... Re4 $1 $19 33. Rd1 {[%emt 0:00:22] [#]} (33. Qa6 h6 34. Rc1 g5 $19) (33. Qd3 $19 Bf5 34. Qd1 (34. Qa6 Qg4 $19)) 33... Rxh4 $1 34. gxh4 Qg4+ 35. Kh2 Qxh4+ 36. Kg1 {[%emt 0:00:01] [#]} Bh3 $1 37. Rd4 Qh5 {[%emt 0:00:00] ( -> ...Qg6+)} 38. Qd3 {[%emt 0:01:12] [#]} Bg2 $1 {[%emt 0:00:03] Weighted Error Value: White=0.60/Black=0.01 (flawless) .  Loses game:     	White=1     	---        Mistake:       	White=3     	---        Inaccurate:     	White=2     	Black=1      OK:         	White=12    	Black=15     Strong:       	---       	Black=2      Brilliant:      	---       	Black=1} 0-1

[Event "American Cup Open Elimination 2024"]
[Site "Saint Louis"]
[Date "2024.03.16"]
[Round "2.3"]
[White "Dominguez Perez, Leinier"]
[Black "Caruana, Fabiano"]
[Result "1/2-1/2"]
[ECO "B80"]
[WhiteElo "2749"]
[BlackElo "2804"]
[Annotator "TA"]
[PlyCount "141"]
[EventDate "2024.03.11"]
[EventType "k.o."]
[EventCountry "USA"]
[SourceTitle "playchess.com"]
[Source "ChessBase"]
[SourceQuality "1"]
[TimeControl "1500+10"]

1. e4 c5 2. Nf3 d6 3. d4 cxd4 4. Nxd4 Nf6 5. Nc3 a6 6. Be3 (6. f3 e5 7. Nb3 Be6 8. Be3 Be7 9. Qd2 h5 10. Nd5 Nxd5 11. exd5 Bf5 12. Be2 a5 13. a4 Bh4+ 14. g3 Be7 15. Bb5+ Bd7 16. Qe2 O-O 17. Nd2 Bxb5 18. Qxb5 Bg5 19. Bxg5 Qxg5 {½-½ Dominguez Perez,L (2745)-Caruana,F (2795) Sinquefield Cup 10th 2023 (1)}) 6... e6 7. a3 {[%emt 0:01:13] 7.Be2 is a critical line. B80: Sicilian Scheveningen: 6 g3 and 6 Be3, including English Attack.} Be7 8. f3 h5 9. Bc4 Qc7 10. Ba2 Nc6 $146 ({Predecessor:} 10... Bd7 11. O-O Nc6 12. h3 b5 13. Re1 O-O 14. f4 Rac8 15. Kh1 Nxd4 16. Bxd4 e5 {½-½ Ryazanov,A (2461)-Evtushenko,S (2547) Champion's League 2017/A email [4]}) 11. Qe2 b5 12. O-O Bd7 13. Rad1 h4 14. h3 Nh5 15. Qf2 Ne5 16. Nde2 a5 17. f4 Nc4 18. Bxc4 Qxc4 19. e5 d5 20. f5 b4 21. axb4 axb4 22. b3 Qc6 23. Na4 Qxc2 24. Nb6 Ra6 25. Rc1 Qxf5 26. Qxf5 exf5 27. Nxd5 Bd8 28. Nc7+ Bxc7 29. Rxc7 Rc6 30. Rc1 Rxc1+ 31. Nxc1 f4 32. Bc5 Rh6 33. Nd3 {[%emt 0:00:13] [#]} (33. Ne2 $15 {should be considered.}) 33... Rg6 (33... Ra6 $1 $17 34. Ra7 Rxa7 35. Bxa7 Bf5 36. Nxb4 Be6) 34. Kf2 $1 $11 Bc6 35. Re7+ Kd8 36. Rxf7 Rxg2+ 37. Ke1 Bd5 38. Nxf4 Bxf7 39. Nxg2 g5 40. Bxb4 Bd5 41. Nxh4 gxh4 42. Bd2 Bxb3 43. Bg5+ Kd7 44. Bxh4 Be6 45. Bg5 Bxh3 46. Kd2 Ke6 47. Bf6 Kd5 48. Kc3 Nf4 49. Kb4 Be6 50. Kc3 Ke4 51. Kd2 Kd4 52. Bg7 Nd3 53. Bf6 Nc5 54. Bg7 Ne4+ 55. Kc2 Kc4 56. Bf6 Bd7 57. Bg7 Ba4+ 58. Kb2 Nc5 59. Bf8 Nd3+ 60. Ka3 Bd7 61. e6 Bxe6 62. Ka4 Bd7+ 63. Ka5 Ne5 64. Kb6 Kd5 65. Bg7 Nc4+ 66. Kc7 $1 Ba4 67. Bh8 Nd6 68. Ba1 Bd1 69. Bh8 Kc5 70. Bd4+ Kxd4 (70... Kd5 71. Be3 $17) 71. Kxd6 1/2-1/2

[Event "American Cup Open Elimination 2024"]
[Site "Saint Louis"]
[Date "2024.03.16"]
[Round "2.3"]
[White "Sevian, Samuel"]
[Black "So, Wesley"]
[Result "0-1"]
[ECO "C54"]
[WhiteElo "2697"]
[BlackElo "2789"]
[Annotator "TA"]
[PlyCount "138"]
[EventDate "2024.03.11"]
[EventType "k.o."]
[EventCountry "USA"]
[SourceTitle "playchess.com"]
[Source "ChessBase"]
[SourceQuality "1"]
[TimeControl "1500+10"]

1. e4 e5 2. Nf3 Nc6 3. Bc4 Nf6 4. d3 Bc5 5. c3 O-O 6. Bg5 Be7 {[%emt 0:00:03] C54: Italienische Partie (Hauptvariante).} 7. Nbd2 Na5 $5 {[%emt 0:00:37][%mdl 4] Eine vielversprechende Nebenvariante.} 8. Bb5 h6 {[%emt 0:01:16] 8...d6 ist aktuell in Mode.} 9. Bh4 d6 10. Nf1 d5 11. Qe2 $146 ({Predecessor:} 11. Bxf6 Bxf6 12. Ne3 c6 13. Ba4 d4 14. cxd4 exd4 15. Nf1 b5 16. Bc2 c5 17. Ng3 {0-1 Sadhwani,R (2517)-Kravtsiv,M (2660) Lindores Abbey Blitz Tal Memorial 2021 (5.29)}) 11... a6 12. Ba4 dxe4 13. dxe4 b5 14. Bc2 Nc4 15. Rd1 Nd7 16. Bxe7 Qxe7 17. Bb3 Ndb6 18. Ne3 Nxe3 19. Qxe3 a5 20. O-O a4 21. Bd5 Rb8 22. a3 Bd7 23. Rfe1 Rfc8 24. g3 c6 25. Ba2 Be6 26. Bxe6 Qxe6 27. Nd2 Rd8 28. Qe2 Qa2 29. Nf1 Nc4 30. Ne3 Nxe3 31. fxe3 g6 32. Kg2 h5 33. Rd2 Rxd2 34. Qxd2 Qc4 35. Kf3 Qe6 $1 36. Kg2 {[%emt 0:00:19] [#]} ({Vorzuziehen ist} 36. Kf2) 36... h4 ({Besser ist} 36... Qg4 $1 37. Rf1 (37. Qd3 h4) 37... Qxe4+ 38. Kg1 Rf8) 37. Qe2 hxg3 (37... h3+ $142 38. Kf2 Kg7) 38. hxg3 $17 Kg7 39. g4 Rh8 40. Rh1 $2 (40. Rf1 $17) 40... Rxh1 $19 41. Kxh1 Kh6 42. Kh2 $2 (42. c4 {war erzwungen.} bxc4 (42... Qxc4 43. Qh2+ Kg7 44. Qxe5+ Kf8 45. g5 $11) 43. Kg2) 42... Kg5 $19 43. Kg3 Qd7 44. c4 f6 (44... bxc4 $2 45. Qxc4 Qxg4+ 46. Kf2 $19) 45. cxb5 cxb5 46. Kf2 Kh4 (46... Qxg4 47. Qxb5 Qh4+ (47... Qxe4 48. b4 $17) 48. Ke2 $17) 47. Qe1 (47. Qf1 $142 Qxg4 48. Qxb5) 47... Qxg4 $19 48. Qb4 Qd7 49. Qe1 Kg5 50. Qe2 Qc6 51. Kf3 $2 (51. Qd3) 51... f5 $19 52. Kf2 Qc4 (52... Qxe4 $2 53. Qxb5 Qh4+ 54. Ke2 $19) 53. Qd1 Qxe4 (53... fxe4 54. Qd8+ Kf5 55. Kg3 $15) 54. Qd8+ Kg4 55. Qd1+ Kh4 56. Qe2 Qd5 (56... f4 $142 57. Qe1 Qxe3+ 58. Qxe3 fxe3+ 59. Kxe3 g5 60. Ke4 g4 61. Ke3 g3 62. Kf3 Kh3 63. Ke4 g2 64. Kxe5 g1=Q (64... g1=B 65. Kd6 $11) 65. Kd6 Qb6+ 66. Kd5 Kg4 67. Ke5 Kf3 68. Kf5 Qd6 (68... Qc5+ 69. Kf6 Kf4 70. Kg6 Qe7 71. b3 axb3 72. Kh6 b2 73. a4 b1=Q 74. axb5 Qeh7#) 69. Kg5 Qe6 70. b3 axb3 (70... Qxb3 71. Kg6 Qe6+ 72. Kg7 Qe7+ 73. Kh6 Qf7 74. Kg5 Qe6 75. Kh5 Kf4 76. Kh4 Qh6#) 71. Kh5 Kf4 (71... b2 72. a4 b1=Q 73. a5 Qh7+ 74. Kg5 Qhh6#) 72. a4 bxa4 73. Kh4 Qh6#) 57. Qc2 $19 Kh3 58. Kg1 Qf3 59. Qh2+ Kg4 60. Qd2 g5 61. Kh2 e4 62. Kg1 Qg3+ 63. Kf1 Qf3+ 64. Kg1 f4 65. exf4 e3 66. Qd8 Qf2+ 67. Kh1 Qf1+ ({Minderwertig wäre} 67... Qxb2 68. Qxg5+ Kf3 69. Qh5+ Kxf4 70. Qh4+ Kf5 71. Qh3+ Kg6 72. Qg3+ Kf5 73. Qh3+ Kg5 74. Qg3+ Kh5 75. Qh3+ Kg6 76. Qg3+ Kf7 77. Qc7+ Kg6 (77... Ke8 78. Qc8+ Kf7 79. Qd7+ Kf6 80. Qd6+ Kf5 81. Qd7+ Ke4 82. Qh7+ Kd5 83. Qg8+ Kc5 84. Qc8+ Kd6 85. Qf8+ Kd5 86. Qf7+ Kc6 87. Qe6+ Kc5 88. Qc8+ Kd5 89. Qg8+ Kc5 90. Qc8+ $11) 78. Qg3+ $11) 68. Kh2 Qxf4+ (68... Kxf4 $2 {zu gefräßig.} 69. Qf6+ Ke4 70. Qxf1 $18) 69. Kg1 Kg3 0-1

[Event "American Cup Open Elimination 2024"]
[Site "Saint Louis"]
[Date "2024.03.16"]
[Round "2.4"]
[White "Caruana, Fabiano"]
[Black "Dominguez Perez, Leinier"]
[Result "1-0"]
[ECO "C65"]
[WhiteElo "2804"]
[BlackElo "2749"]
[Annotator "RC"]
[PlyCount "147"]
[EventDate "2024.03.11"]
[EventType "k.o."]
[EventCountry "USA"]
[SourceTitle "playchess.com"]
[Source "ChessBase"]
[SourceQuality "1"]
[TimeControl "1500+10"]

1. e4 e5 2. Nf3 Nc6 3. Bb5 Nf6 4. d3 Bc5 5. Bxc6 dxc6 6. O-O Nd7 7. Nbd2 O-O 8. Nc4 f6 9. a4 a5 10. Nh4 Rf7 11. Kh1 Nf8 12. Be3 Bxe3 13. Nxe3 Ne6 14. Nhf5 c5 15. b3 Kh8 16. f3 Nd4 17. Ng3 Be6 18. Qd2 Qd6 19. Rf2 b6 20. h3 Rd8 21. Rb1 Kg8 22. Qc3 g6 23. Nc4 Bxc4 24. Qxc4 Ne6 25. Ne2 Kg7 26. Rbf1 Nf4 27. Ng1 Qe6 28. g3 Qxc4 29. bxc4 Ne6 30. f4 Rdf8 31. Re1 Nd4 32. h4 f5 33. Nh3 exf4 34. Nxf4 Re8 35. Ref1 Rd7 36. Nd5 c6 37. Nc3 h5 38. Kg2 fxe4 39. Nxe4 Nf5 40. Kh3 Re5 41. Rb1 Rb7 42. g4 hxg4+ 43. Kxg4 Nh6+ 44. Kh3 Nf5 45. Rg1 Rb8 46. h5 Ne7 47. hxg6 Rh8+ 48. Kg3 Nxg6 49. Rgf1 Re7 50. Rf6 Ne5 51. R6f5 Rh6 52. Re1 Nf7 53. Rb1 Nd6 54. Nxd6 Rxd6 55. Rxb6 Re2 56. Rb7+ Kg6 57. Rf2 Re1 58. Ra7 Re5 59. Rxa5 Rde6 60. Ra8 Kg7 61. Ra7+ Kg6 62. a5 Re1 63. a6 Ra1 64. Rg2 Kf5 65. Ra8 Rg6+ 66. Kf2 Rf6 67. Ke2 Re6+ 68. Kd2 Re7 69. Rf2+ Kg6 70. Rg8+ Kh7 71. Rg5 Kh6 72. Rxc5 Re6 73. Rcf5 Kg6 74. R5f3 1-0

[Event "American Cup Open Elimination 2024"]
[Site "Saint Louis"]
[Date "2024.03.16"]
[Round "2.4"]
[White "So, Wesley"]
[Black "Sevian, Samuel"]
[Result "1-0"]
[ECO "E91"]
[WhiteElo "2789"]
[BlackElo "2697"]
[Annotator "TA"]
[PlyCount "105"]
[EventDate "2024.03.11"]
[EventType "k.o."]
[EventCountry "USA"]
[SourceTitle "playchess.com"]
[Source "ChessBase"]
[SourceQuality "1"]
[TimeControl "1500+10"]

1. d4 Nf6 2. c4 g6 3. Nc3 Bg7 4. e4 d6 5. Nf3 O-O 6. Be2 Nc6 7. Be3 {[%emt 0:01:54] E91: King's Indian: Classical: 6 Be2, unusual replies including 6...c5 and 6...Bg4.} Ng4 {[%emt 0:01:34] Nowadays more popular than 7...e5.} 8. Bg5 h6 9. Bh4 g5 10. Bg3 e5 11. d5 Nd4 12. Nxd4 exd4 13. Nb5 Nf6 14. f3 Nh5 15. Bf2 d3 16. Bxd3 Bxb2 17. Rb1 Bg7 18. O-O (18. Bxa7 $2 c6 19. Be3 (19. dxc6 $2 Qa5+ 20. Kf1 bxc6 $19) 19... cxb5 $19) (18. Nxa7 $6 Nf4 $11) 18... Nf4 19. Bc2 $146 (19. Nxa7 Bh3 20. gxh3 Nxh3+ 21. Kh1 Nxf2+ 22. Rxf2 Rxa7 $11) ({Predecessor:} 19. Nd4 Be5 20. Bc2 Qf6 21. Nb5 a6 22. Nxc7 Rb8 23. Ba7 Bd7 24. Bxb8 Rxb8 25. g3 {½-½ Rychagov,A (2547)-Golubev,M (2461) Titled Tuesday intern op 02nd Aug Late blitz 2022 (7)}) 19... h5 (19... c5 $14) 20. Be3 $16 (20. Bxa7 $2 {perishes.} Rxa7 21. Nxa7 Bd4+ 22. Kh1 Bxa7 $19) ({Resist} 20. Nxa7 b6 (20... Bh3 21. gxh3 Nxh3+ 22. Kh1 $16) 21. Nc6 Qf6 $16) 20... Ng6 21. Qd2 Bf6 22. Nxa7 (22. Bxa7 b6 23. Rb4 Be5 $11) 22... Rxa7 (22... Ne5 {was necessary.}) 23. Bxa7 $18 b6 {[%emt 0:00:00] [#]} 24. a4 $1 Ne5 25. Bb3 c5 26. Bc2 Nxc4 27. Qd3 Bd4+ 28. Kh1 Ne5 (28... Ne3 $16) 29. Bxb6 $18 Qf6 30. Qe2 h4 (30... Ng6 {keeps fighting.} 31. Ba5 Nf4) 31. Ba5 $18 Ng6 32. Bd2 Be5 (32... Nf4 $142 33. e5 Qxe5) 33. f4 gxf4 34. a5 Bd4 35. a6 c4 36. Qxc4 h3 37. Qe2 hxg2+ $2 (37... Qg5 38. gxh3 Bxh3) 38. Qxg2 $18 Bxa6 39. Rxf4 Qg7 40. Rf3 Rc8 41. Bd3 Bxd3 42. Rxd3 Be5 43. Rdb3 Qf8 44. Rf1 Rc2 45. Rbf3 Qg7 46. Rxf7 Qxf7 47. Rxf7 Kxf7 48. Qf2+ Kg8 49. Qf5 Kg7 50. Qg5 Bf6 (50... Kf7 $18 51. Qh6 Bg7) 51. Qh6+ Kf7 52. Qh7+ Bg7 53. Bh6 1-0

[Event "American Cup Open Elimination 2024"]
[Site "Saint Louis"]
[Date "2024.03.16"]
[Round "2.5"]
[White "Caruana, Fabiano"]
[Black "Dominguez Perez, Leinier"]
[Result "1-0"]
[ECO "D35"]
[WhiteElo "2804"]
[BlackElo "2749"]
[Annotator "TA"]
[PlyCount "109"]
[EventDate "2024.03.11"]
[EventType "k.o."]
[EventCountry "USA"]
[SourceTitle "playchess.com"]
[Source "ChessBase"]
[SourceQuality "1"]
[TimeControl "600+5"]

1. d4 Nf6 2. c4 e6 3. Nc3 d5 4. cxd5 exd5 5. Bg5 c6 6. e3 Bf5 7. Qf3 Bg6 8. Bxf6 Qxf6 9. Qxf6 gxf6 10. h4 h5 11. Rd1 Nd7 12. Bd3 Rg8 {[%emt 0:00:22] The position is equal.} 13. Nge2 Bd6 14. Kf1 Bxd3 15. Rxd3 f5 16. g3 Ke7 17. Kg2 Nf6 18. Rdd1 Ne4 19. Nc1 a5 20. N3e2 a4 21. Nd3 Ra5 22. Rc1 Rh8 23. Rc2 Rg8 24. Rb1 Rb5 25. Nef4 Nf6 26. b4 axb3 27. axb3 Ra8 28. b4 Ra3 29. Rcb2 Ke8 30. Rb3 Rxb3 31. Rxb3 Rb6 32. Kf3 Ke7 33. Nc5 (33. Rb2 $14) 33... Bxc5 (33... Ne4 $1 $15 34. Ra3 (34. Nxh5 $2 Nd2+ 35. Ke2 Nxb3 $19) 34... Rxb4) 34. dxc5 $15 {[%emt 0:00:04][%mdl 4096] Endgame. KRN-KRN} Ra6 35. b5 Ra2 36. bxc6 bxc6 37. Rb7+ Ke8 38. Rc7 Ne4 39. Nh3 (39. Rxc6 $2 Rxf2#) 39... Ra6 40. Ng5 {[%emt 0:00:05] Threatening Nxe4.} Nxc5 $2 {[%emt 0:00:05] Black cannot hold the game after this.} (40... Ra2 $11 {and Black has nothing to worry.} 41. Nh3 (41. Nxf7 $2 Rxf2#) 41... Ra6) 41. Rxf7 $18 (41. Nxf7 Ra2 $11) 41... Ne4 {[%emt 0:00:04] [#] aiming for ...Nxg5+.} 42. Rxf5 Nd2+ 43. Kg2 Ra2 44. Nh3 Ne4 45. Rxh5 Ke7 46. Rf5 Ke6 47. Rf8 c5 48. h5 c4 (48... Ke7 $142 49. Rf5 Nf6) 49. h6 {[%emt 0:00:05] Hoping for h7.} Ra7 50. Nf4+ Ke5 51. Rh8 Nf6 {[%emt 0:00:07] [#] Inhibits h7.} 52. g4 $1 c3 (52... d4 53. g5) 53. g5 Ne4 54. g6 {[%emt 0:00:05] Re8+ would kill now.} c2 55. Rc8 {[%emt 0:00:04] Weighted Error Value: White=0.14 (very precise) /Black=0.30.  Loses game:     	---       	Black=1      Mistake:       	White=1     	Black=2      Inaccurate:     	White=4     	Black=6      OK:         	White=15    	Black=13     Best:        	White=1     	---} (55. g7 $142 c1=Q 56. Re8+ (56. g8=R Qd2 $11) (56. g8=Q Qc6 $18) 56... Kd6 57. Re6+ (57. g8=N $2 {too greedy.} Ra1 $19) (57. g8=Q Qd1 $18) 57... Kc5 58. Nd3+ (58. g8=R $2 Qd1 $19) (58. g8=Q Qa1 $18) 58... Kb5 59. Nxc1 Nc5 60. g8=Q (60. g8=R Nxe6 61. Nd3 Rh7 $18) 60... Nxe6 61. Qxe6) 1-0

[Event "American Cup Open Elimination 2024"]
[Site "Saint Louis"]
[Date "2024.03.16"]
[Round "2.6"]
[White "Dominguez Perez, Leinier"]
[Black "Caruana, Fabiano"]
[Result "0-1"]
[ECO "C70"]
[WhiteElo "2749"]
[BlackElo "2804"]
[Annotator "TA"]
[PlyCount "82"]
[EventDate "2024.03.11"]
[EventType "k.o."]
[EventCountry "USA"]
[SourceTitle "playchess.com"]
[Source "ChessBase"]
[SourceQuality "1"]
[TimeControl "600+5"]

1. e4 e5 2. Nf3 Nc6 3. Bb5 a6 4. Ba4 Nge7 5. c3 Ng6 6. d4 exd4 7. cxd4 Bb4+ 8. Nc3 {[%emt 0:00:04] White has an edge.} d5 9. O-O Bxc3 (9... dxe4 $1 $11 {keeps the balance.} 10. Nxe4 O-O) 10. exd5 Qxd5 11. bxc3 {[%emt 0:00:04][%cal Oc3c4] [#] And now c4! would win.} O-O 12. h3 {[%emt 0:00:22] Wards off Bg4} Na5 13. Re1 b5 14. Bc2 Bf5 {[%emt 0:00:05] Prevents Be4} 15. Bxf5 Qxf5 16. a4 Nc4 17. Qe2 h6 18. Qe4 Qxe4 19. Rxe4 c6 20. h4 h5 21. g3 f6 22. Re6 Rfc8 23. axb5 axb5 24. Rxa8 Rxa8 25. Kg2 (25. Rxc6 $2 {is the wrong capture.} Ra1 26. Kg2 (26. Rc8+ $2 Kf7 $19) 26... Rxc1 $19) 25... Rc8 26. Re2 Kf7 27. Ra2 Rc7 28. Ra8 Ne7 29. Ng1 Nd5 30. Ne2 Ncb6 {[%emt 0:00:09] A dynamic duo of knights.} 31. Ra6 Re7 32. Kf1 Rb7 33. Ba3 $2 (33. f3 $11 {and White is okay.}) 33... Rc7 $2 ({Black should try} 33... Nc7 $19 34. Rxb6 Rxb6) 34. Bd6 $11 Rc8 35. Ra7+ Kg6 36. Rb7 (36. Nf4+ $11 Nxf4 37. Bxf4) 36... Ra8 37. Bc5 {[%emt 0:00:05] [#]} (37. Kg2 $15) 37... Na4 $1 $17 38. Bb4 Nab6 $2 (38... Nb2 $19 39. Kg2 Nd3) 39. Kg2 (39. Bc5 $11 Nc4 40. Nf4+ Nxf4 41. gxf4) 39... Nc4 40. Kf3 Re8 {[%emt 0:00:08] Black is more active.} (40... Nd2+ $17 41. Kg2 Ra1) 41. Ra7 $2 (41. Nf4+ $11 Nxf4 42. Kxf4) 41... Nd2+ {[%emt 0:00:05] Weighted Error Value: White=0.43/Black=0.25 (precise) .  Loses game:     	White=2     	---        Missed win:     	---       	Black=2      Mistake:       	White=3     	Black=2      Inaccurate:     	---       	Black=1      OK:         	White=12    	Black=12     Best:        	---       	Black=2} 0-1